 Dungeon Crawl Stone Soup version 0.28-a0-1206-g193881aaa2 (webtiles) character file.

Game seed: 4374535299759719132

624 freelancePsychic the Skirmisher (level 7, -1/53 HPs)
             Began as a Djinni Warper on Dec 20, 2021.
             Killed by divine providence
             ... invoked by an orc priest
              (14 damage)
             ... on level 4 of the Dungeon.
             The game lasted 00:11:10 (7118 turns).

freelancePsychic the Skirmisher (Djinni Warper)     Turns: 7118, Time: 00:11:10

Health: -1/53      AC:  6    Str: 10    XL:     7   Next: 76%
Gold:   91         EV: 11    Int: 17    God:
                   SH:  0    Dex: 12

rFire   + + .      SeeInvis .   e - staff of air
rCold   x . .      Faith    .   (no shield)
rNeg    . . .      Spirit   .   h - +0 leather armour
rPois   ∞          Reflect  .   f - +2 helmet
rElec   +          Harm     .   (no cloak)
rCorr   .          Rampage  .   (no gloves)
Will    .....                   (boots unavailable)
Stlth   +.........              (no amulet)
HPRegen 0.17/turn               (no ring)
MPRegen 0.00/turn               (no ring)

@: flying, very slightly contaminated
A: sickness immunity, fire resistance 2, cold vulnerability 1, float, innate
caster, hp casting, extra vitality 1
a: no special abilities


You were on level 4 of the Dungeon.
You visited 1 branch of the dungeon, and saw 4 of its levels.

You collected 113 gold pieces.
You spent 22 gold pieces at shops.

Inventory:

Hand Weapons
 a - a +2 dagger of freezing
 b - a +0 hunting sling
 d - a +0 dagger
Missiles
 j - 5 boomerangs
 l - 116 stones (quivered)
 o - 42 sling bullets
Armour
 f - a +2 helmet (worn)
 h - a +0 leather armour (worn)
 k - a +0 buckler
Magical Staves
 e - a staff of air (weapon)
 r - a staff of earth
Wands
 p - a wand of paralysis (6)
Scrolls
 i - 2 scrolls of immolation
Potions
 c - 3 potions of attraction {unknown}
 g - a potion of mutation {unknown}
 q - a potion of magic {unknown}
 s - a potion of brilliance {unknown}
 t - a potion of berserk rage {unknown}


   Skills:
 + Level 4.5 Fighting
 - Level 3.3 Short Blades
 - Level 0.7 Throwing
 - Level 1.0 Armour
 - Level 2.1 Dodging
 + Level 3.3 Shields
 * Level 4.2 Spellcasting


You couldn't memorise any spells.
You knew the following spells:

 Your Spells              Type           Power      Damage    Failure   Level
a - Blink                 Tloc           36%        N/A       5%          2
b - Static Discharge      Conj/Air       27%        N/A       5%          2
c - Inner Flame           Hex/Fire       18%        N/A       11%         3
d - Teleport Other        Tloc           18%        N/A       11%         3
e - Manifold Assault      Tloc           18%        N/A       71%         5
f - Apportation           Tloc           36%        N/A       3%          1
g - Lesser Beckoning      Tloc           18%        N/A       11%         3
h - Gell's Gravitas       Tloc           18%        N/A       11%         3
Your spell library was empty.

Dungeon Overview and Level Annotations

Branches:
Dungeon (4/15)
 Temple: D:4-7

Altars:

Shops:
D:1 *

Annotations:
D:2 1 runed translucent door, Crazy Yiuf, Sigmund


Innate Abilities, Weirdness & Mutations

You are immune to sickness and miasma.
You are immune to poison.
Your flesh is very heat resistant. (rF++)
You are vulnerable to cold. (rC-)
You float through the air rather than walking.
You learn spells naturally, not from books.
Your magical power is your life essence.
You have superior vitality. (+4 HP)


Message History

The lightning grounds out.
* * * LOW HITPOINT WARNING * * *
The orc priest hits you but does no damage.
Casting: Static Discharge (safe; 6% risk of failure)
Confirm with . or Enter, or press ? or * to list all spells.
You feel a surge of power!
You miscast Static Discharge.
You are very lightly contaminated with residual magic.
Nothing appears to happen.
* * * LOW HITPOINT WARNING * * *
The goblin unwields a +0 hunting sling.
The goblin wields a +0 club.
The goblin closely misses you.
The orc priest looks encouraged for a moment.
Casting: Static Discharge (safe; 6% risk of failure)
Confirm with . or Enter, or press ? or * to list all spells.
You feel a surge of power!
The orc priest is struck by an arc of lightning.
You kill the orc priest!
Something is struck by an arc of lightning.
The howler monkey zombie is struck by an arc of lightning.
The howler monkey zombie is moderately damaged.
The lightning grounds out.
The goblin is struck by an arc of lightning.
You kill the goblin!
The iguana is struck by an arc of lightning.
The iguana is moderately wounded.
The lightning grounds out.
* * * LOW HITPOINT WARNING * * *
The orc priest calls down the wrath of Beogh upon you.
Pain shoots through your body!
* * * LOW HITPOINT WARNING * * *
You feel better.
The orc priest invokes the aid of Beogh against you.
You struggle to resist.
The orc hits you with a +0 flail.
* * * LOW HITPOINT WARNING * * *
Okay, then.
A kobold comes into view. It is wielding a +0 club.
The kobold shouts!
The orc priest invokes the aid of Beogh against you.
Beogh smites you!
You die...

#.. ..# #.# .# #.# #.#
.#### #?## #.# ......
... # #.# ...... #.. ..
.######.##...... #.# ...
........l........#.#.Z..
#@o)o.......<)(o(.
##.#Z...K......o.. #.#
......####... #.# .####!
## #.# § #o# §§ #W# ..
#o# ##§ #.####


You could see an orc warrior, a phantom, an iguana, an orc priest, 2 orcs, a
howler monkey zombie and a kobold.

Vanquished Creatures
  Grinder (D:3)
  A black bear (D:4)
  A bullfrog skeleton (D:3)
  3 orc priests (D:4)
  Ijyb (D:3)
  Jessica (D:2)
  An orc wizard (D:4)
  Robin (D:2)
  4 adders
  A worm (D:3)
  A dart slug (D:3)
  3 orcs
  10 endoplasms
  3 giant cockroaches
  24 goblins
  4 hobgoblins (D:1)
  5 quokkas
  3 ball pythons
  4 bats
  6 kobolds
  4 rats
82 creatures vanquished.

Vanquished Creatures (others)
  Terence (D:2)
  50 plants
51 creatures vanquished.

Grand Total: 133 creatures vanquished

Notes
Turn   | Place    | Note
-------+----------+-------------------------------------------
     0 | D:1      | freelancePsychic the Djinni Warper began the quest for the
                  | Orb.
     0 | D:1      | Reached XP level 1. HP: 18/18 MP: 0/0
   215 | D:1      | Reached XP level 2. HP: 22/24 MP: 0/0
   439 | D:1      | Found Jejeuxev's General Store.
  1080 | D:1      | Reached XP level 3. HP: 29/29 MP: 0/0
  1080 | D:1      | Learned a level 1 spell: Apportation
  1362 | D:1      | Found a faded altar of an unknown god.
  1781 | D:2      | Noticed Robin
  1904 | D:2      | Noticed Jessica
  2623 | D:1      | HP: 1/29 [adder (3)]
  3262 | D:2      | Noticed Terence
  3269 | D:1      | Reached XP level 4. HP: 27/34 MP: 0/0
  4122 | D:2      | Killed Jessica
  4123 | D:2      | Reached skill level 1 in Shields
  4638 | D:1      | Bought a scroll of identify for 22 gold pieces
  4685 | D:2      | Reached XP level 5. HP: 40/40 MP: 0/0
  4685 | D:2      | Learned a level 2 spell: Static Discharge
  4708 | D:2      | Killed Terence
  4933 | D:3      | Noticed Grinder
  4959 | D:2      | Killed Robin
  5425 | D:2      | Found a runed translucent door.
  5426 | D:2      | Noticed Crazy Yiuf
  5532 | D:2      | Noticed Sigmund
  5742 | D:3      | Killed Grinder
  5743 | D:3      | Reached XP level 6. HP: 45/47 MP: 0/0
  5825 | D:3      | Noticed Ijyb
  5836 | D:3      | Killed Ijyb
  5837 | D:3      | Reached XP level 7. HP: 42/52 MP: 0/0
  5837 | D:3      | Learned a level 3 spell: Inner Flame
  7118 | D:4      | Killed from afar by an orc priest

Illustrated notes

Levels and vault maps discovered:
D:1:      heliophobic_arrival_battle_scene, layout_loops_ring, serial_shops,
          shop, chequers_ecumenical_altar_lobes, grunt_decor_clamped,
          minmay_misc_feat_iff, serial_bayou_pond_e, minmay_misc_feat_tiny,
          palyth_stone_intersect
D:2:      layout_rooms, serial_bayou, serial_bayou_pond_b,
          serial_bayou_lagoon_a, serial_bayou_pond_c, serial_bayou_shore_a,
          serial_bayou_lagoon_b, uniq_sigmund, uniq_jessica, uniq_robin,
          uniq_crazy_yiuf_cottage, uniq_terence
D:3:      kennysheep_the_goblin_king, layout_loops_cross, uniq_grinder
D:4:      layout_loops_ring, serial_undead, serial_undead_a, serial_undead_a,
          serial_undead_b, serial_undead_c, enter_ossuary_4,
          minmay_misc_feat_enclosed

Skill      XL: |  1  2  3  4  5  6  7 |
---------------+----------------------+-----
Short Blades   | 2 3 |  3.3
Fighting       | 3 4 |  4.5
Shields        | 1 2 3 |  3.3
Spellcasting   | 3 4 |  4.2
Throwing       | |  0.7
Armour         | |  1.0
Dodging        | |  2.1

Action                   |  1- 3 |  4- 6 |  7- 9 || total
-------------------------+-------+-------+-------++-------
Melee: Dagger            |   179 |    50 |       ||   229
       Short sword       |     7 |       |       ||     7
       Staff             |       |       |     1 ||     1
 Fire: Hunting sling     |     7 |    43 |     6 ||    56
Throw: Boomerang         |     5 |       |       ||     5
       Stone             |       |       |    11 ||    11
 Cast: Static Discharge  |       |    29 |    21 ||    50
       Inner Flame       |       |       |     8 ||     8
  Use: Scroll            |     2 |     2 |     1 ||     5
       Potion            |     1 |     1 |     2 ||     4
Armor: Leather armour    |    48 |    28 |    21 ||    97
Dodge: Dodged            |    92 |    50 |     8 ||   150
Block: Buckler           |    10 |     7 |       ||    17

Table legend: (Time is in decaauts)
 A = Elapsed time spent in this place.
 B = Non-inter-level travel time spent in this place.
 C = Inter-level travel time spent in this place.
 D = Time resting spent in this place.
 E = Time spent auto-exploring this place.
 F = Levels seen in this place.
 G = Mean time per level.
                   A        B        C        D        E       F      G
               +--------+--------+--------+--------+--------+-----+--------+
         Total |   7114 |   6717 |    397 |   2617 |   3248 |   4 | 1778.5 |
       Dungeon |   7114 |   6717 |    397 |   2617 |   3248 |   4 | 1778.5 |
               +--------+--------+--------+--------+--------+-----+--------+

Top non-repeatable levels by time:
     D:1: 4058 daAuts
     D:3: 1765 daAuts
     D:2: 1243 daAuts
     D:4: 47 daAuts
